 Dungeon Crawl Stone Soup version 0.26-a0-808-g930a2b7adc (webtiles) character file.

Game seed: 17228930531771809307

37 ANON1729 the Charlatan (level 3, -1/32 HPs)
             Began as a Deep Dwarf Wanderer on Nov 12, 2020.
             Slain by Sigmund
             ... wielding a +0 scythe
              (2 damage)
             ... on level 2 of the Dungeon.
             The game lasted 00:02:06 (744 turns).

ANON1729 the Charlatan (Deep Dwarf Wanderer)         Turns: 744, Time: 00:02:07

Health: -1/32      AC:  2    Str: 17    XL:     3   Next: 23%
Magic:  5/5        EV: 11    Int: 12    God:
Gold:   63         SH:  0    Dex: 11    Spells: 5/6 levels left

rFire    . . .     SeeInvis .   a - +0 club
rCold    . . .     Faith    .   (no shield)
rNeg     . . .     Spirit   .   d - +0 robe
rPois    .         Reflect  .   (no helmet)
rElec    .         Harm     .   (no cloak)
rCorr    .         Rampage  .   (no gloves)
MR       .....                  (no boots)
Stlth    +.........             (no amulet)
HPRegen  0.00/turn              (no ring)
MPRegen  0.09/turn              (no ring)

@: non-regenerating
A: damage resistance, heal wounds, sense surroundings 1, no regeneration
a: Heal Wounds


You were on level 2 of the Dungeon.
You visited 1 branch of the dungeon, and saw 2 of its levels.

You collected 63 gold pieces.

Inventory:

Hand Weapons
 a - a +0 club (weapon)
Armour
 d - a +0 robe (worn)
Jewellery
 h - a cursed -4 ring of intelligence {unknown}
Wands
 c - a wand of random effects (15)
Scrolls
 f - a scroll of identify {unknown}
 g - a scroll of enchant weapon {unknown}
Potions
 b - a potion of ambrosia {unknown}
 e - a potion of degeneration {unknown}


   Skills:
 + Level 1.8 Fighting
   Level 2.1 Crossbows
 + Level 0.8 Stealth
   Level 1.1 Shields
 + Level 2.2 Spellcasting
 - Level 1.0 Conjurations
 - Level 1.3 Air Magic
 + Level 2.5 Evocations


You had 5 spell levels left.
You knew the following spells:

 Your Spells              Type           Power        Failure   Level
a - Shock                 Conj/Air       #...         16%         1

Your spell library contained the following spells:

 Spells                   Type           Power        Failure   Level
 Swiftness                Air            #.......     22%         2
 Apportation              Tloc           #.....       26%         1
 Static Discharge         Conj/Air       #.......     43%         3
 Lesser Beckoning         Tloc           #.........   63%         3
 Airstrike                Air            #.........   83%         4
 Lightning Bolt           Conj/Air       #.........   99%         5


Dungeon Overview and Level Annotations

Branches:
Dungeon (2/15)

Altars:

Annotations:
D:2 Sigmund


Innate Abilities, Weirdness & Mutations

You are resistant to damage.
You can heal yourself by infusing magical energy.
You passively map a small area around you.
You do not regenerate.


Message History

No target in view!
No target in view!
No target in view!
No target in view!
No target in view!
No target in view!
No target in view!
No target in view!
No target in view!
You miss something. Something hits you.
You miss something. Something hits you.
You hit something. Something hits you!
You closely miss something. Something hits you but does no damage.
You hit something. You miss something. Something hits you!
* * * LOW HITPOINT WARNING * * *
You hit something. Something hits you.
* * * LOW HITPOINT WARNING * * *
You hit something but do no damage. Something hits you.
You die...

## * #...#
#.#.# * #.#.#
, #... *
#..#* ,, , *
###..###.###
*
#....@{....#
#.#).#####.#
#.#..# ≈
#.#..##** ,
#.#...# ≈ ≈
≈≈. ≈ ≈
#...######
..≈. , ≈
##..#
#.####....
#..#
##...#...##
#..#
#....#....###


There were no monsters in sight!

Vanquished Creatures
  A gnoll (D:1)
  A dart slug (D:2)
  A leopard gecko (D:1)
  2 giant cockroaches (D:1)
  5 goblins
  3 hobgoblins (D:1)
  3 jackals (D:1)
  3 frilled lizards (D:1)
  A kobold (D:1)
  4 rats (D:1)
24 creatures vanquished.

Notes
Turn   | Place    | Note
-------+----------+-------------------------------------------
     0 | D:1      | ANON1729 the Deep Dwarf Wanderer began the quest for the
                  | Orb.
     0 | D:1      | ANON1729 set off with the following items: a +0 club, a
                  | wand of random effects (15), a +0 robe; and the following
                  | spells available to memorise: Shock, Swiftness,
                  | Apportation, Static Discharge, Lesser Beckoning, Airstrike,
                  | Lightning Bolt
     0 | D:1      | Reached XP level 1. HP: 18/18 MP: 3/3
     8 | D:1      | Learned a level 1 spell: Shock
   152 | D:1      | Reached XP level 2. HP: 18/25 MP: 0/5
   489 | D:1      | HP: 1/26 [hobgoblin (1)]
   510 | D:1      | Reached XP level 3. HP: 25/32 MP: 5/5
   734 | D:2      | Noticed Sigmund
   743 | D:2      | HP: 1/32 [something (3)]
   744 | D:2      | Slain by Sigmund

Illustrated notes

Levels and vault maps discovered:
D:1:      minmay_arrival_loop, layout_rooms, chequers_serial_rivers_room_b
D:2:      layout_loops_ring, serial_rivers, chequers_serial_rivers_micro_a,
          chequers_serial_rivers_small_3, chequers_serial_rivers_large_b,
          chequers_serial_rivers_room_a, chequers_serial_rivers_large_a,
          chequers_serial_rivers_small_b, minmay_tromino_v2, uniq_sigmund

Skill      XL: |  1 |
---------------+----+-----
Spellcasting   | 2 |  2.2
Evocations     | 2 |  2.5
Fighting       | |  1.8
Crossbows      | |  2.1
Stealth        | |  0.8
Shields        | |  1.1
Conjurations   | |  1.0
Air Magic      | |  1.3

Action                   || total
-------------------------++-------
Melee: Club              ||   113
 Cast: Shock             ||     9
 Abil: Heal Wounds       ||     1
 Stab: Sleeping          ||     1
Armor: Robe              ||    16
Dodge: Dodged            ||    66

Table legend: (Time is in decaauts)
 A = Elapsed time spent in this place.
 B = Non-inter-level travel time spent in this place.
 C = Inter-level travel time spent in this place.
 D = Time resting spent in this place.
 E = Time spent auto-exploring this place.
 F = Levels seen in this place.
 G = Mean time per level.
                   A        B        C        D        E       F      G
               +--------+--------+--------+--------+--------+-----+--------+
         Total |    779 |    724 |     55 |    163 |    312 |   2 |  389.5 |
       Dungeon |    779 |    724 |     55 |    163 |    312 |   2 |  389.5 |
               +--------+--------+--------+--------+--------+-----+--------+

Top non-repeatable levels by time:
     D:1: 730 daAuts
     D:2: 49 daAuts
